 Dungeon Crawl Stone Soup version 0.30-a0-1164-ge08a67761e (webtiles) character file.

Game seed: 9223688315725461527

1313 ragingrage the Cutter (level 8, 0/87 HPs)
             Began as a Djinni Delver on Apr 29, 2023.
             Was an Initiate of Ru.
             Slain by an orc warrior
             ... wielding a +0 halberd
              (8 damage)
             ... on level 6 of the Dungeon.
             The game lasted 00:05:55 (5350 turns).

ragingrage the Cutter (Djinni Delver)               Turns: 5350, Time: 00:05:56

Health: 0/87       AC:  9    Str: 11    XL:     8   Next: 89%
Gold:   285        EV: 10    Int: 14    God:    Ru [......] SH:  5 Dex: 15

rFire   + + .        b - +0 short sword (drain)
rCold   x . .        t - +0 buckler
rNeg    . . .        u - +4 ring mail
rPois   ∞            (no helmet)
rElec   .            (no cloak)
rCorr   .            (no gloves)
SInv    .            (boots unavailable)
Will    +....        (no amulet) Stlth
                     m - ring of willpower
HPRegen 0.34/turn    (no ring)
MPRegen 0.00/turn

%: infuse magic (-1 HP)
@: berserking, flying, very quick
A: sickness immunity, fire resistance 2, cold vulnerability 1, float, innate
caster, HP casting, extra vitality 1
a: Renounce Religion


You were on level 6 of the Dungeon.
You worshipped Ru.
Ru was noncommittal.
You visited 2 branches of the dungeon, and saw 7 of its levels.
You also visited: Ossuary.

You collected 285 gold pieces.

Inventory:

Hand Weapons
 a - a +4 scimitar
 b - a +0 short sword of draining (weapon)
 H - a +1 falchion of holy wrath
Missiles
 E - 6 poisoned darts (quivered)
 F - a curare-tipped dart
Armour
 i - an orb of wrath
 t - a +0 buckler (worn)
 u - a +4 ring mail (worn)
Jewellery
 m - a ring of willpower (left hand)
Wands
 g - a wand of digging (3)
 B - a wand of charming (23)
 C - a wand of roots (5)
 D - a wand of acid (7)
 G - a wand of flame (16)
Scrolls
 c - 4 scrolls of fog
 d - 2 scrolls of magic mapping
 e - 2 scrolls of fear
 j - 2 scrolls of blinking {unknown}
 k - 11 scrolls of identify {unknown}
 q - a scroll of immolation {unknown}
 s - 3 scrolls of teleportation {unknown}
 w - 3 scrolls of noise {unknown}
 y - 2 scrolls of poison {unknown}
 A - a scroll of brand weapon {unknown}
Potions
 f - 2 potions of haste
 h - a potion of flight {unknown}
 l - a potion of brilliance {unknown}
 n - a potion of curing {unknown}
 o - a potion of degeneration {unknown}
 p - a potion of berserk rage
 r - a potion of magic {unknown}
 x - a potion of heal wounds {unknown}
 z - 2 potions of ambrosia {unknown}
Miscellaneous
 v - a piece from Xom's chessboard (15/15)


   Skills:
 - Level 3.9 Fighting
 + Level 5.4(5.9) Short Blades
 - Level 3.3(4.9) Long Blades
 - Level 2.1 Dodging
 - Level 4.1 Stealth
 - Level 3.0 Shields
 + Level 4.4 Spellcasting


You knew the following spells:

 Your Spells              Type           Power      Damage    Failure   Level
a - Call Imp              Summ           30%        N/A       16%         2
b - Apportation           Tloc           30%        N/A       11%         1
c - Passwall              Tmut/Erth      12%        N/A       16%         2
Your spell library was empty.

Dungeon Overview and Level Annotations

Branches:
Dungeon (6/15)             Temple (1/1) D:6         Ossuary (visited)

Altars:
Cheibriados
Dithmenos
Elyvilon
Fedhas
Gozag
Hepliaklqana
Makhleb
Nemelex Xobeh
Okawaru
Qazlal
Ru
Trog
Xom
Yredelemnul
Zin

Shops:
D:3 =

Annotations:
D:2 Terence
D:4 exclusion: door


Innate Abilities, Weirdness & Mutations

You are immune to sickness and miasma.
You are immune to poison.
Your flesh is very heat resistant. (rF++)
You are vulnerable to cold. (rC-)
You float through the air rather than walking.
You learn spells naturally, not from books.
Your magical power is your life essence.
You have superior vitality. (+4 MHP)


Message History

You hit the orc. You drain the orc.
You kill the orc!
You block the orc warrior's attack. You block the orc warrior's attack.
Things that are here:
a +0 dagger; a +0 leather armour You hit the orc warrior but do no damage.
You drain the orc warrior. You block the orc warrior's attack.
You hit the orc warrior but do no damage.
You drain the orc warrior.
You hit the orc warrior but do no damage.
You drain the orc warrior.
The orc warrior hits you with a +0 halberd.
You closely miss the orc warrior.
The orc warrior hits you with a +0 halberd.
You hit the orc warrior but do no damage.
You drain the orc warrior.
The orc warrior hits you with a +0 halberd!
* * * LOW HITPOINT WARNING * * *
You hit the orc warrior but do no damage.
You hit the orc warrior.
The orc warrior hits you with a +0 halberd.
* * * LOW HITPOINT WARNING * * *
You hit the orc warrior but do no damage.
You drain the orc warrior.
The orc warrior hits you with a +0 halberd!
* * * LOW HITPOINT WARNING * * *
It was a potion of berserk rage.
A red film seems to cover your vision as you go berserk!
You feel yourself moving faster!
You feel mighty!
The orc warrior hits you but does no damage.
Unknown command.
You barely miss the orc warrior. The orc warrior closely misses you.
You puncture the orc warrior!
You hit the orc warrior but do no damage.
The orc warrior closely misses you.
You closely miss the orc warrior. You hit the orc warrior.
The orc warrior hits you with a +0 halberd!
You die...

.####..##### #..#
..###.## #..#
...#..# #..# ###...#
... # ##..# #o. #
#..# #o# # #..# #)#
# #..############.#
# #...........)@o.#
####.###############
.....# ######


You could see an orc warrior (very drained).

Vanquished Creatures
  2 black bears
  A phantom (D:4)
  A kobold brigand (D:6)
  2 bullfrogs (D:6)
  4 wights (D:6)
  A howler monkey (D:6)
  A jelly (D:6)
  4 hounds
  2 orc priests
  2 sleepcaps
  A scorpion zombie (D:3)
  2 iguanas (D:5)
  An orc wizard (D:5)
  3 gnolls (D:4)
  7 adders
  A river rat (D:4)
  An ufetubus (D:6)
  An adder zombie (D:3)
  2 worms (D:3)
  7 dart slugs
  8 orcs
  5 bats
  9 endoplasms
  2 giant cockroaches
  7 goblins
  3 hobgoblins
  7 jackals
  9 quokkas
  5 ball pythons
  A ball python zombie (D:3)
  A frilled lizard (D:1)
  12 kobolds
  5 rats
120 creatures vanquished.

Vanquished Creatures (others)
  A wight (D:6)
1 creature vanquished.

Grand Total: 121 creatures vanquished

Notes
Turn   | Place    | Note
-------+----------+-------------------------------------------
     0 | D:5      | ragingrage the Djinni Delver began the quest for the Orb.
     0 | D:5      | Reached XP level 1. HP: 20/20 MP: 0/0
    14 | Ossuary  | Entered an ossuary
    21 | Ossuary  | Noticed a scorpion
    63 | D:4      | Noticed a hound
    63 | D:4      | Noticed a hound
   155 | D:2      | Reached XP level 2. HP: 25/25 MP: 0/0
   311 | D:1      | Reached XP level 3. HP: 30/30 MP: 0/0
   311 | D:1      | Learned a level 1 spell: Apportation
   843 | D:2      | Noticed Terence
   975 | D:2      | Reached XP level 4. HP: 35/35 MP: 0/0
  1445 | D:3      | Found Heun's Jewellery Emporium.
  1956 | D:3      | Reached XP level 5. HP: 41/41 MP: 0/0
  1956 | D:3      | Learned a level 2 spell: Call Imp
  2018 | D:3      | Found a basalt altar of Yredelemnul.
  2056 | D:3      | Reached skill level 1 in Short Blades
  2056 | D:3      | Reached skill level 1 in Shields
  2175 | D:4      | Found a shimmering altar of Xom.
  2183 | D:4      | Reached skill level 1 in Spellcasting
  2189 | D:4      | Noticed a phantom
  2204 | D:4      | Killed a phantom
  2205 | D:4      | Reached skill level 2 in Short Blades
  2205 | D:4      | Reached XP level 6. HP: 42/47 MP: 0/0
  2566 | D:4      | Found a white marble altar of Elyvilon.
  2567 | D:4      | Found a blossoming altar of Fedhas.
  3530 | D:5      | Found a stormy altar of Qazlal.
  3543 | D:5      | Reached XP level 7. HP: 51/51 MP: 0/0
  3543 | D:5      | Learned a level 2 spell: Passwall
  3902 | D:5      | Reached skill level 3 in Short Blades
  4317 | D:6      | Found a staircase to the Ecumenical Temple.
  4336 | Temple   | Entered the Ecumenical Temple
  4377 | Temple   | Became a worshipper of Ru the Awakened
  4544 | D:6      | Reached XP level 8. HP: 58/58 MP: 0/0
  4595 | D:6      | Reached skill level 4 in Short Blades
  4840 | D:6      | Reached skill level 5 in Short Blades
  4937 | D:6      | HP: 1/58 [black bear (6)]
  5350 | D:6      | Slain by an orc warrior

Illustrated notes

Levels and vault maps discovered:
D:1:      minmay_arrival_radiant_lines, layout_basic
D:2:      layout_basic, roderic_st_hans_cross, uniq_terence
D:3:      layout_rooms, nicolae_yredelemnul_corpse_copse, serial_shops,
          nicolae_shop_crystal, grunt_decor_arrowhead
D:4:      layout_layer_cave, xom_butterflies, nicolae_overflow_squiral,
          gup_sewer_entry_bubbles, grunt_decor_junction, cheibrodos_gnoll_hut
D:5:      layout_loops_ring, nicolae_qazlal_scattered_showers,
          nicolae_ossuary_entry_monument
D:6:      layout_loops_ring, marbit_many_paths, minmay_temple_entry_stoned_glass
Temple:   hellmonk_temple_of_storms

Skill      XL: |  1  2  3  4  5  6  7  8 |
---------------+-------------------------+-----
Long Blades    | 2 3 |  3.3
Short Blades   | 2 3 5 |  5.4
Shields        | 1 2 3 |  3.0
Spellcasting   | 1 2 3 4 |  4.4
Fighting       | |  3.9
Dodging        | |  2.1
Stealth        | |  4.1

Action                     |  1- 3 |  4- 6 |  7- 9 || total
---------------------------+-------+-------+-------++-------
  Melee: Falchion          |   103 |    83 |    29 ||   215
         Short sword       |       |   138 |   217 ||   355
         Scimitar          |       |       |    11 ||    11
  Evoke: Wand              |       |       |     4 ||     4
         Piece from Xom's  |       |       |     1 ||     1
    Use: Potion            |       |       |     1 ||     1
   Stab: Sleeping          |     6 |     3 |     1 ||    10
 Armour: Leather armour    |    17 |       |       ||    17
         Chain mail        |     7 |    59 |       ||    66
         Ring mail         |       |    62 |   106 ||   168
  Dodge: Dodged            |    67 |    88 |   104 ||   259
  Block: Buckler           |       |    23 |    54 ||    77

Table legend: (Time is in decaauts)
 A = Elapsed time spent in this place.
 B = Non-inter-level travel time spent in this place.
 C = Inter-level travel time spent in this place.
 D = Time resting spent in this place.
 E = Time spent auto-exploring this place.
 F = Levels seen in this place.
 G = Mean time per level.
                   A        B        C        D        E       F      G
               +--------+--------+--------+--------+--------+-----+--------+
         Total |   5333 |   5120 |    213 |    752 |   3078 |   8 |  666.6 |
       Dungeon |   5256 |   5043 |    213 |    752 |   3051 |   6 |  876.0 |
        Temple |     54 |     54 |      0 |      0 |     27 |   1 |   54.0 |
       Ossuary |     22 |     22 |      0 |      0 |      0 |   1 |   22.0 |
               +--------+--------+--------+--------+--------+-----+--------+

Top non-repeatable levels by time:
     D:4: 1315 daAuts
     D:6: 957 daAuts
     D:5: 856 daAuts
     D:3: 809 daAuts
     D:1: 729 daAuts
     D:2: 587 daAuts
  Temple: 54 daAuts
 Ossuary: 22 daAuts
